 Dungeon Crawl Stone Soup version 0.30.1-4-g462c640d31 (webtiles) character file.

Game seed: 7260176045693978584

23 Logoto the Firebug (level 2, 0/20 HPs)
             Began as a Hill Orc Fire Elementalist on Aug 25, 2023.
             Slain by a ball python (1 damage)
             ... on level 2 of the Dungeon.
             The game lasted 00:02:09 (1118 turns).

Logoto the Firebug (Hill Orc Fire Elementalist)     Turns: 1118, Time: 00:02:10

Health: 0/20       AC:  2    Str: 10    XL:     2   Next: 95%
Magic:  1/4        EV: 12    Int: 15    God:
Gold:   37         SH:  0    Dex: 11    Spells: 3/4 levels left

rFire   . . .        c - +0 dagger
rCold   . . .        (no shield)
rNeg    . . .        a - +0 robe
rPois   .            (no helmet)
rElec   .            (no cloak)
rCorr   .            (no gloves)
SInv    .            (no boots)
Will    .....        (no amulet)
Stlth   ++           (no ring)
HPRegen 0.23/turn    (no ring)
MPRegen 0.09/turn

%: no passive effects
@: lethally poisoned (0 -> -5)
A: no striking features
a: no special abilities


You were on level 2 of the Dungeon.
You visited 1 branch of the dungeon, and saw 2 of its levels.

You collected 37 gold pieces.

Inventory:

Hand Weapons
 c - a +0 dagger (weapon)
Missiles
 d - 9 stones
 h - a throwing net
Armour
 a - a +0 robe (worn)
Scrolls
 e - a scroll of fear {unknown}
 f - a scroll of identify {unknown}
 g - a scroll of enchant armour {unknown}
Potions
 b - a potion of magic
 i - 2 potions of degeneration {unknown}
 j - a potion of heal wounds {unknown}


   Skills:
 + Level 0.2 Fighting
 + Level 1.9 Dodging
 + Level 1.6 Stealth
 + Level 1.7 Spellcasting
 + Level 1.2 Conjurations
 + Level 3.8 Fire Magic


You had 3 spell levels left.
You knew the following spells:

 Your Spells              Type           Power      Damage    Failure   Level
a - Foxfire               Conj/Fire      32%        2x1d5     9%          1

Your spell library contained the following spells:

 Spells                   Type           Power      Damage    Failure   Level
 Scorch                   Fire           24%        2d6       7%          2
 Inner Flame              Hex/Fire       7%         N/A       30%         3
 Volatile Blastmotes      Fire/Tloc      14%        2d11      30%         3
 Portal Projectile        Hex/Tloc       2%         N/A       56%         3
 Tukima's Dance           Hex            1%         N/A       56%         3
 Flame Wave               Conj/Fire      8%         2d5       63%         4
 Blade Hands              Tmut           0%         N/A       99%         5


Dungeon Overview and Level Annotations

Branches:
Dungeon (2/15)

Altars:

Shops:
D:1 (


Message History

The adder is lightly wounded.
You hit the adder but do no damage.
The adder is lightly wounded.
The adder closely misses you.
You closely miss the ball python. The adder bites you.
The ball python misses you. The ball python barely misses you.
You barely miss the ball python. The adder misses you.
The ball python bites you but does no damage.
The ball python grabs you. The ball python constricts you.
You hit the adder.
The adder is heavily wounded.
The adder bites you.
You are poisoned.
The adder poisons you!
The ball python bites you but does no damage.
The ball python constricts you. The adder barely misses you.
You barely miss the adder.
The adder is heavily wounded.
You feel sick.
The ball python bites you but does no damage.
The ball python constricts you. The adder barely misses you.
You closely miss the adder.
The adder is heavily wounded.
You feel sick. The ball python barely misses you.
The ball python constricts you. The adder bites you.
The ball python bites you but does no damage.
The ball python constricts you.
You escape the ball python's grasp.
You feel sick. The adder bites you.
You are lethally poisoned!
The adder poisons you!
You are too injured to fight recklessly!
The adder attacks as you move away! The adder bites you.
* * * LOW HITPOINT WARNING * * *
x2 You feel sick.
You are too injured to fight recklessly!
* * * LOW HITPOINT WARNING * * *
You feel sick. The adder bites you but does no damage.
The ball python attacks as you move away!
The ball python bites you.
You die...

.. #. #. #.#######
#.......# .......#
#......# #@.....#
#SS....+ #......#
#..g.### #.##g# ###
..# #.##g# ....
...##.##†#####.....
....#+##g...S......
...........S......


You could see an adder, 3 hobgoblins and a ball python.

Vanquished Creatures
  2 dart slugs
  4 ball pythons
  An endoplasm (D:1)
  2 giant cockroaches (D:1)
  2 goblins
  A quokka (D:2)
  2 bats
  2 frilled lizards (D:1)
  2 kobolds (D:1)
  2 rats (D:1)
20 creatures vanquished.

Vanquished Creatures (others)
  37 foxfires
37 creatures vanquished.

Grand Total: 57 creatures vanquished

Notes
Turn   | Place    | Note
-------+----------+-------------------------------------------
     0 | D:1      | Logoto the Hill Orc Fire Elementalist began the quest for
                  | the Orb.
     0 | D:1      | Reached XP level 1. HP: 14/14 MP: 3/3
   120 | D:1      | Reached XP level 2. HP: 12/20 MP: 1/4
   416 | D:1      | Found a faded altar of an unknown god.
   526 | D:1      | Found Voefunot's Weapon Boutique.
  1117 | D:2      | HP: 1/20 [poisoned by an adder]
  1118 | D:2      | Slain by a ball python

Illustrated notes

Levels and vault maps discovered:
D:1:      dpeg_arrival_prison, layout_basic, shapermc_ecumenical_altar_gd,
          serial_shops, nicolae_shop_real_fake_doors
D:2:      layout_basic, minmay_three_crescents

Action                     || total
---------------------------++-------
  Melee: Unarmed           ||     3
         Dagger            ||    33
   Cast: Foxfire           ||    23
 Armour: Robe              ||    19
  Dodge: Dodged            ||    46
